 Dungeon Crawl Stone Soup version 0.21-a0-426-g98080a9 (webtiles) character file.

2457 EnegeticOcto the Grappler (level 9, 0/88 HPs)
             Began as a Troll Transmuter on Nov 6, 2017.
             Was a Priest of Elyvilon.
             Slain by a hog (6 damage)
             ... on level 7 of the Dungeon.
             The game lasted 00:09:25 (4079 turns).

EnegeticOcto the Grappler (Troll Transmuter)        Turns: 4079, Time: 00:09:26

Health: 0/88       AC:  5    Str: 20    XL:     9   Next: 26%
Magic:  1/10       EV: 11    Int: 12    God:    Elyvilon [***...]
Gold:   373        SH:  0    Dex: 10    Spells: 7/10 levels left

rFire    . . .     SeeInvis .     - Unarmed
rCold    . . .     Gourm    +   (no shield)
rNeg     . . .     Faith    .   b - +0 robe
rPois    .         Spirit   .   (helmet restricted)
rElec    .         Reflect  .   (no cloak)
rCorr    .         Harm     .   (gloves unavailable)
MR       .....                  (boots unavailable)
Stlth    +.........             u - amulet of regeneration
HPRegen  1.04/turn              (no ring)
MPRegen  0.12/turn              (no ring)

@: no status effects
A: unfitting armour, claws 3, fast metabolism 3, gourmand, regeneration 1,
shaggy fur 1, tough skin 2
a: Lesser Healing, Heal Other, Purification, Divine Protection, Renounce
Religion


You were on level 7 of the Dungeon.
You worshipped Elyvilon.
Elyvilon was most pleased with you.
You were full.

You visited 1 branch of the dungeon, and saw 7 of its levels.

You collected 373 gold pieces.

Inventory:

Missiles
 a - 145 arrows
Armour
 b - a +0 robe (worn)
Jewellery
 s - an uncursed amulet of guardian spirit
 u - an amulet of regeneration (around neck)
Wands
 e - a wand of disintegration (6/24)
 j - a wand of iceblast (8/15)
 C - a wand of polymorph (8/24)
Scrolls
 m - 3 scrolls of teleportation
 n - 3 scrolls of blinking {unknown}
 o - 7 scrolls of remove curse {unknown}
 r - 3 scrolls of amnesia {unknown}
 w - 3 scrolls of enchant armour {unknown}
 y - 2 scrolls of enchant weapon {unknown}
 z - a scroll of random uselessness {unknown}
 B - a scroll of vulnerability {unknown}
 D - 2 scrolls of immolation {unknown}
Potions
 f - 2 potions of resistance
 g - a potion of berserk rage
 k - a potion of haste {unknown}
 l - a potion of invisibility {unknown}
 q - 3 potions of curing {unknown}
 t - a potion of might {unknown}
 v - a potion of ambrosia {unknown}
 x - a potion of agility {unknown}
 A - a potion of brilliance {unknown}
Books
 c - a book of Changes

   Spells                             Type                      Level
   a - Beastly Appendage              Transmutation                1
   b - Sticks to Snakes               Transmutation                2
   c - Spider Form                    Transmutation/Poison         3
   d - Ice Form                       Ice/Transmutation            4
   e - Blade Hands                    Transmutation                5
Comestibles
 d - 8 bread rations
 h - 4 meat rations
 i - 2 royal jellies
 p - 4 fruits


   Skills:
 + Level 5.2 Fighting
 + Level 5.3 Dodging
   Level 0.1 Shields
 * Level 8.3 Unarmed Combat
 - Level 1.2 Spellcasting
 - Level 1.3 Transmutations
 + Level 3.7 Invocations


You had 7 spell levels left.
You knew the following spells:

 Your Spells              Type           Power        Failure   Level  Hunger
a - Beastly Appendage     Tmut           #.....       17%         1    ##.....
b - Sticks to Snakes      Tmut           #.......     26%         2    ###....


Dungeon Overview and Level Annotations

Branches:
Dungeon (7/15)             Temple (0/1) D:5

Altars:
Elyvilon
Gozag
Nemelex Xobeh


Innate Abilities, Weirdness & Mutations

You are too large for most types of armour.
You have claws for hands.
Your metabolism is lightning-fast.
You like to eat raw meat.
Your natural rate of healing is unusually fast.
You are covered in fur. (AC +1)
You have very tough skin. (AC +2)


Message History

You claw the hog!
The hog is heavily wounded.
The hog bites you but does no damage.
You closely miss the hog.
The hog is heavily wounded.
The hog bites you.
* * * LOW HITPOINT WARNING * * *
You closely miss the hog.
The hog is heavily wounded.
The hog closely misses you.
You scratch the hog but do no damage.
The hog is heavily wounded.
The hog bites you!
* * * LOW HITPOINT WARNING * * *
The hog bites you.
* * * LOW HITPOINT WARNING * * *
You barely miss the hog.
The hog is moderately wounded.
The hog bites you.
You die...

#####.........###...###..p.....
##.#.............##........
#.#.########.#..##.....p..
#.........##.#..##........
#########.##.#..##........
#.#...............
#.##.#####........ #.##.#
#........ #@##.# #........
#h########........
#######hh.....##........
#..#%%#.......+.........
#..#.%#.......#.........
#..'..#.......#.........
#..#).#.......#.........
#..#hh#.†.....#.#######+
#####'#.......#.


You could see 3 hogs.

Vanquished Creatures
  Pikel (D:7)
  A human (D:7)
  A hog (D:7)
  Duvessa (D:7)
  A slave (D:7)
  2 ice beasts
  3 ogres
  2 centaurs
  4 bullfrogs
  Dowan (D:7)
  3 scorpions
  A centaur zombie (D:7)
  5 hounds
  An orc priest (D:6)
  4 orc wizards
  4 worker ants
  A killer bee zombie (D:5)
  A hound skeleton (D:6)
  A howler monkey zombie (D:6)
  A worker ant zombie (D:6)
  5 adders
  An adder zombie (D:5)
  An adder skeleton (D:7)
  2 worms
  3 dart slugs
  15 orcs
  2 ball pythons
  3 giant cockroaches
  6 goblins
  11 hobgoblins
  11 jackals
  5 kobolds
  3 quokkas
  3 bats
  4 frilled lizards
  2 rats
116 creatures vanquished.

Vanquished Creatures (others)
  A slave (D:7)
  A scorpion (D:7)
  A leopard gecko (D:7)
3 creatures vanquished.

Grand Total: 119 creatures vanquished

Notes
Turn   | Place    | Note
-------+----------+-------------------------------------------
     0 | D:1      | EnegeticOcto the Troll Transmuter began the quest for the Orb.
     0 | D:1      | Reached XP level 1. HP: 18/18 MP: 1/1
     2 | D:1      | Noticed a troll
     2 | D:1      | Noticed a ghoul
     4 | D:1      | Noticed a merfolk
     4 | D:1      | Noticed a formicid
     6 | D:1      | Noticed a vampire
     6 | D:1      | Noticed a centaur
     8 | D:1      | Noticed a gargoyle
     8 | D:1      | Noticed a demonspawn
    10 | D:1      | Noticed a spriggan
    10 | D:1      | Noticed a tengu
    12 | D:1      | Noticed an ogre
    12 | D:1      | Noticed a draconian
    14 | D:1      | Noticed a dwarf
    14 | D:1      | Noticed a minotaur
    16 | D:1      | Noticed an elf
    18 | D:1      | Noticed a demigod
    20 | D:1      | Noticed a halfling
    22 | D:1      | Noticed a vine stalker
    22 | D:1      | Noticed a human
    24 | D:1      | Noticed an octopode
    24 | D:1      | Noticed a felid
    26 | D:1      | Noticed a naga
    45 | D:1      | Reached skill level 1 in Fighting
   120 | D:1      | Reached XP level 2. HP: 25/27 MP: 2/2
   796 | D:2      | Found a white marble altar of Elyvilon.
   827 | D:2      | Became a worshipper of Elyvilon the Healer
   863 | D:2      | Reached XP level 3. HP: 29/33 MP: 3/3
   910 | D:2      | Noticed a scorpion
   924 | D:2      | Killed a scorpion
   924 | D:2      | Reached XP level 4. HP: 24/42 MP: 4/4
  1412 | D:3      | Found a sparkling altar of Nemelex Xobeh.
  1503 | D:3      | Reached * piety under Elyvilon
  1652 | D:3      | Reached skill level 4 in Unarmed Combat
  1895 | D:4      | Noticed an ogre
  1897 | D:4      | Reached XP level 5. HP: 47/50 MP: 5/5
  1913 | D:4      | Killed an ogre
  1913 | D:4      | Reached XP level 6. HP: 23/59 MP: 3/6
  2220 | D:4      | Reached ** piety under Elyvilon
  2361 | D:5      | Entered Level 5 of the Dungeon
  2530 | D:5      | Noticed an ice beast
  2534 | D:5      | Killed an ice beast
  2534 | D:5      | Reached skill level 5 in Unarmed Combat
  2544 | D:5      | Reached XP level 7. HP: 46/67 MP: 7/7
  2676 | D:5      | Found an opulent altar of Gozag.
  2818 | D:5      | Found a staircase to the Ecumenical Temple.
  3232 | D:6      | Reached *** piety under Elyvilon
  3252 | D:6      | Reached skill level 1 in Invocations
  3380 | D:6      | Reached skill level 6 in Unarmed Combat
  3486 | D:6      | Reached XP level 8. HP: 56/78 MP: 8/8
  3633 | D:7      | Noticed Pikel
  3660 | D:7      | Killed Pikel
  3660 | D:7      | Reached skill level 7 in Unarmed Combat
  3759 | D:7      | Noticed Duvessa
  3759 | D:7      | Noticed Dowan
  3783 | D:7      | Killed Duvessa
  3783 | D:7      | Reached skill level 5 in Dodging
  3796 | D:7      | Killed Dowan
  3901 | D:7      | Reached skill level 5 in Fighting
  3901 | D:7      | Reached XP level 9. HP: 82/88 MP: 10/10
  3925 | D:7      | Learned a level 2 spell: Sticks to Snakes
  4005 | D:7      | Reached skill level 8 in Unarmed Combat
  4079 | D:7      | Slain by a hog

Vault maps used:
D:1:      kb_arrival_jail, minmay_pentomino_w2
D:2:      elyvilon_altar_1
D:3:      nemelex_spade_bored_becter
D:4:      roderic_roman_lattice
D:5:      minmay_temple_entry_trees, first_bread, grunt_gozag_breadcrumbs
D:6:      kennysheep_generic_room_10
D:7:      minmay_overflow_temple_star_quad, grunt_livestock, uniq_duvessa,
          uniq_pikel

Skill      XL: |  1  2  3  4  5  6  7  8  9 |
---------------+----------------------------+-----
Fighting       | 1 2 3 4 5 |  5.2
Dodging        | 2 3 4 5 |  5.3
Unarmed Combat | 4 5 6 7 8 |  8.3
Invocations    | 1 3 |  3.7
Shields        | |  0.1
Spellcasting   | |  1.2
Transmutations | |  1.3

Action                   |  1- 3 |  4- 6 |  7- 9 || total
-------------------------+-------+-------+-------++-------
Melee: Unarmed           |    89 |    89 |   237 ||   415
       Punch             |       |     2 |     7 ||     9
Invok: Lesser Healing    |       |       |    15 ||    15
       Divine Protection |       |       |     1 ||     1
  Use: Scroll            |       |     3 |     1 ||     4
 Stab: Sleeping          |       |     1 |       ||     1
       Distracted        |       |       |     1 ||     1
  Eat: Chunk             |    14 |    10 |    18 ||    42
Armor: Robe              |    25 |    23 |    56 ||   104
Dodge: Dodged            |    29 |    45 |   167 ||   241
Block: Large shield      |     9 |       |       ||     9

Table legend:
 A = Spawn XP
 B = Non-spawn XP
 C = Spawn XP percentage of total XP
 D = Spawn monster count
 E = Non-spawn monster count
 F = Spawn count percentage of total count
 G = Total turns spent on level
                    A         B        C        D         E        F      G
               +---------+---------+-------+---------+---------+-------+---------
         Total |       0 |    3510 |   0.0 |       0 |     115 |   0.0 |  4079
               +---------+---------+-------+---------+---------+-------+---------
           D:1 |       0 |      31 |   0.0 |       0 |      18 |   0.0 |   657
           D:2 |       0 |      88 |   0.0 |       0 |      12 |   0.0 |   663
           D:3 |       0 |      49 |   0.0 |       0 |      12 |   0.0 |   568
           D:4 |       0 |     305 |   0.0 |       0 |      12 |   0.0 |   473
           D:5 |       0 |     623 |   0.0 |       0 |      19 |   0.0 |   803
           D:6 |       0 |     473 |   0.0 |       0 |      20 |   0.0 |   426
           D:7 |       0 |    1941 |   0.0 |       0 |      22 |   0.0 |   489
               +---------+---------+-------+---------+---------+-------+---------
